 Dungeon Crawl Stone Soup version 0.29.1-12-g30fa7ad0bf (webtiles) character file.

Game seed: 5943634801437234042

98 javelincjr the Magician (level 5, -1/35 HPs)
             Began as a Djinni Hedge Wizard on Dec 21, 2022.
             Slain by an orc priest
             ... wielding a +0 hand axe
              (7 damage)
             ... on level 3 of the Dungeon.
             The game lasted 00:15:45 (2530 turns).

javelincjr the Magician (Djinni Hedge Wizard)       Turns: 2530, Time: 00:15:46

Health: -1/35      AC:  2    Str:  9    XL:     5   Next: 0%
Gold:   152        EV: 12    Int: 18    God:
                   SH:  0    Dex: 12

rFire   + + .      SeeInvis .   a - +0 dagger
rCold   x . .      Faith    .   (no shield)
rNeg    + . .      Spirit   .   b - +0 robe
rPois   ∞          Reflect  .   c - +0 hat
rElec   .          Harm     .   (no cloak)
rCorr   .          Rampage  .   (no gloves)
Will    .....                   (boots unavailable)
Stlth   ++........              (no amulet)
HPRegen 0.11/turn               n - ring of positive energy
MPRegen 0.00/turn               (no ring)

@: flying
A: sickness immunity, fire resistance 2, cold vulnerability 1, float, innate
caster, HP casting, extra vitality 1
a: no special abilities


You were on level 3 of the Dungeon.
You visited 1 branch of the dungeon, and saw 3 of its levels.

You collected 152 gold pieces.

Inventory:

Hand Weapons
 a - a +0 dagger (weapon)
Missiles
 k - 4 javelins
Armour
 b - a +0 robe (worn)
 c - a +0 hat (worn)
Jewellery
 n - a ring of positive energy (left hand)
Wands
 o - a wand of digging (1)
Scrolls
 d - 3 scrolls of noise {unknown}
 f - 4 scrolls of identify {unknown}
 g - a scroll of enchant armour {unknown}
 j - a scroll of torment {unknown}
 l - a scroll of magic mapping {unknown}
 m - a scroll of butterflies {unknown}
Potions
 e - a potion of curing {unknown}
 h - 2 potions of might {unknown}
 i - a potion of berserk rage {unknown}
 p - 2 potions of magic {unknown}
 q - a potion of flight {unknown}
 r - a potion of heal wounds {unknown}


   Skills:
 + Level 2.7 Dodging
 + Level 2.1 Stealth
 + Level 3.7 Spellcasting


You couldn't memorise any spells.
You knew the following spells:

 Your Spells              Type           Power      Damage    Failure   Level
a - Magic Dart            Conj           64%        1d6       3%          1
b - Blink                 Tloc           32%        N/A       4%          2
c - Call Imp              Summ           16%        N/A       4%          2
d - Slow                  Hex            64%        N/A       3%          1
e - Conjure Flame         Conj/Fire      16%        6-21      10%         3
f - Mephitic Cloud        Conj/Pois/Air  16%        N/A       10%         3
g - Sting                 Tmut/Pois      64%        1d6       3%          1
h - Static Discharge      Conj/Air       16%        3-5/arc   4%          2
Your spell library was empty.

Dungeon Overview and Level Annotations

Branches:
Dungeon (3/15)

Altars:


Innate Abilities, Weirdness & Mutations

You are immune to sickness and miasma.
You are immune to poison.
Your flesh is very heat resistant. (rF++)
You are vulnerable to cold. (rC-)
You float through the air rather than walking.
You learn spells naturally, not from books.
Your magical power is your life essence.
You have superior vitality. (+4 MHP)


Message History

The magic dart hits the orc priest but does no damage.
The orc priest is severely wounded.
Your white imp hits the orc priest but does no damage.
The orc priest misses you.
The orc priest hits your white imp but does no damage.
Casting: Magic Dart (safe; 3% risk of failure)
Confirm with . or Enter, or press ? or * to list all spells.
The spell is quite dangerous to miscast (10% risk of failure)!
Continue anyway? [Y]es or [N]o only, please.
The spell is quite dangerous to miscast (10% risk of failure)!
Continue anyway?
Aiming: Mephitic Cloud (quite dangerous; 10% risk of failure)
Press: ? - help, Shift-Dir - straight line, p - orc priest The ball explodes into a vile cloud!
The stinking cloud engulfs the orc priest but does no damage.
The orc priest is severely wounded.
Your white imp hits the orc priest but does no damage.
The orc priest looks encouraged for a moment.
You barely miss the orc priest.
The orc priest is severely wounded.
Your white imp hits the orc priest but does no damage.
The orc priest hits you with a +0 hand axe.
* * * LOW HITPOINT WARNING * * *
The orc priest hits your white imp with a +0 hand axe.
Your white imp dies!
Your white imp disappears in a puff of smoke!
Casting: Mephitic Cloud (quite dangerous; 10% risk of failure)
Confirm with . or Enter, or press ? or * to list all spells.
You blink.
* * * LOW HITPOINT WARNING * * *
The orc priest is engulfed in noxious fumes.
The orc priest appears confused.
You feel stable enough to blink again.
You start resting.
An orc priest is nearby!
Casting: Blink (safe; 4% risk of failure)
Confirm with . or Enter, or press ? or * to list all spells.
A shadowy apparition takes form in the air.
* * * LOW HITPOINT WARNING * * *
The orc priest hits you with a +0 hand axe!
You die...

.#####
......###
......o.#
#@# ..
#.# #.
#5# #.
#.# #.
#.# #. #
#.#
#.###.#.#
#.......#
##§...###


You could see an orc priest (ally target) and a friendly shadow imp (summoned).

Vanquished Creatures
  An orc priest (D:2)
  An adder (D:2)
  A dart slug (D:1)
  An orc (D:2)
  2 bats (D:2)
  3 giant cockroaches
  5 goblins
  A hobgoblin (D:1)
  4 kobolds
  3 quokkas
  5 ball pythons
  2 rats (D:1)
29 creatures vanquished.

Vanquished Creatures (collateral kills)
  Terence (D:2)
  A rat (D:2)
2 creatures vanquished.

Grand Total: 31 creatures vanquished

Notes
Turn   | Place    | Note
-------+----------+-------------------------------------------
     0 | D:1      | javelincjr the Djinni Hedge Wizard began the quest for the
                  | Orb.
     0 | D:1      | javelincjr set off with the following spells memorised:
                  | Magic Dart, Blink, Call Imp, Slow, Conjure Flame, Mephitic
                  | Cloud.
     0 | D:1      | Reached XP level 1. HP: 15/15 MP: 0/0
   390 | D:1      | Reached XP level 2. HP: 18/21 MP: 0/0
  1030 | D:2      | Reached skill level 3 in Spellcasting
  1030 | D:2      | Reached XP level 3. HP: 17/25 MP: 0/0
  1030 | D:2      | Learned a level 1 spell: Sting
  1276 | D:2      | Noticed Terence
  1286 | D:2      | Killed Terence
  1287 | D:2      | Reached XP level 4. HP: 19/31 MP: 0/0
  1432 | D:2      | Found a faded altar of an unknown god.
  1634 | D:2      | Identified the +0 robe "Gayn" {rF+}
  2374 | D:2      | Reached XP level 5. HP: 21/35 MP: 0/0
  2374 | D:2      | Learned a level 2 spell: Static Discharge
  2530 | D:3      | Slain by an orc priest

Illustrated notes

Levels and vault maps discovered:
D:1:      heliophobic_arrival_enchanted_forest, layout_rooms,
          chequers_serial_rivers_marsh
D:2:      layout_basic, hellmonk_ecumenical_altar_arch_garden,
          mrwooster_statue_mirror, minmay_misc_feat_enclosed, uniq_terence
D:3:      layout_loops_corners

Skill      XL: |  1  2  3  4 |
---------------+-------------+-----
Spellcasting   | 3 |  3.7
Stealth        | 2 |  2.1
Dodging        | |  2.7

Action                   |  1- 3 |  4- 6 || total
-------------------------+-------+-------++-------
Melee: Dagger            |       |     3 ||     3
 Cast: Magic Dart        |    56 |    34 ||    90
       Mephitic Cloud    |     1 |     3 ||     4
       Sting             |     1 |     2 ||     3
       Call Imp          |     1 |     2 ||     3
       Blink             |       |     1 ||     1
Armor: Robe              |     1 |     2 ||     3
Dodge: Dodged            |       |     6 ||     6
